AoeStats
← |GaoeG| flamingo

Black Forest

508940726Analyzed
4v4 RM · 7d ago on Sep 24, 2026· 52m 47s· 8 players
Game mode
Random Map
Map size
Large (8 player)
Population
200
Speed
Normal
Resources
Standard
Victory
Conquest
Starting age
Dark Age
Ending age
Imperial Age
RankedLock teamsTeams togetherTeam positionsShared explorationLock speedFull tech treeHidden civsTurbo modeCheats
Victory
Defeat
🇪🇸 Bulgarians · Spain
1338
+12
🇪🇸 Berbers · Spain
1252
+15
🇫🇷 Persians · France
1212
+18
🇵🇱 Mongols · Poland
1208
+18
🇮🇳 Chinese · India
1269
-17
🇮🇳 Mongols · India
1249
-16
🇮🇳 Poles · India
1225
-15
🇮🇳 Shu · India
1220
-15
NightmarE™
11:03 Feudal Age
16:14 Castle Age
15:10 Double-Bit Axe
26:22 Loom
27:21 Horse Collar
28:21 Town Watch
33:59 Imperial Age
33:45 Bow Saw
33:28 Fletching
34:57 Crossbowman
36:42 Arbalester
37:59 Bodkin Arrow
39:49 Bracer
41:52 Thumb Ring
42:31 Gold Mining
43:12 Ballistics
43:34 Padded Archer Armor
45:26 Chemistry
44:56 Conscription
46:41 Two-Man Saw
47:25 Bolt Magazine
Lurker
11:25 Feudal Age
12:50 Double-Bit Axe
15:07 Castle Age
12:53 Horse Collar
19:36 Bow Saw
19:17 Loom
23:30 Heavy Plow
25:22 Gold Mining
26:32 Wheelbarrow
27:34 Gold Shaft Mining
27:52 Hand Cart
27:39 Stone Mining
31:04 Imperial Age
29:22 Stone Shaft Mining
32:04 Drill
31:07 Heavy Scorpion
31:19 Capped Ram
32:23 Siege Ram
32:24 Onager
33:55 Town Watch
34:33 Siege Engineers
37:20 Chemistry
36:26 Siege Onager
41:12 Ballistics
43:09 Fortified Wall
bamboe
9:11 Loom
11:14 Feudal Age
16:16 Castle Age
14:55 Double-Bit Axe
18:04 Bow Saw
19:43 Fishing Lines
20:32 Gillnets
21:56 Horse Collar
24:38 Wheelbarrow
25:07 Gold Mining
25:38 Stone Mining
28:21 Imperial Age
28:01 Forging
27:51 Scale Mail Armor
28:18 Squires
28:03 Arson
29:25 Conscription
30:57 Hand Cart
32:01 Chain Mail Armor
32:21 Iron Casting
32:31 Heavy Plow
32:24 Treadmill Crane
32:40 Murder Holes
32:52 Siege Engineers
33:48 Chemistry
34:34 Stone Shaft Mining
34:25 Elite Obuch
36:49 Blast Furnace
36:19 Plate Mail Armor
37:03 Fortified Wall
44:32 Ballistics
44:16 Onager
Aaaaaaah Do
0:31 Loom
13:59 Feudal Age
18:12 Castle Age
17:59 Double-Bit Axe
18:01 Horse Collar
33:20 Gold Mining
33:42 Bow Saw
43:32 Fortified Wall
|GaoeG| Tifus
0:31 Loom
12:26 Feudal Age
16:25 Castle Age
14:47 Double-Bit Axe
15:12 Gold Mining
17:57 Bow Saw
23:21 Scale Mail Armor
24:43 Gambesons
26:08 Horse Collar
32:01 Heavy Plow
36:50 Imperial Age
35:23 Stone Mining
36:10 Gold Shaft Mining
35:06 Pikeman
35:47 Squires
35:32 Arson
36:00 Forging
36:05 Chain Mail Armor
35:41 Fletching
36:55 Onager
38:05 Bloodlines
37:55 Husbandry
37:17 Light Cavalry
38:54 Wheelbarrow
38:05 Town Watch
38:02 Cavalier
41:35 Chemistry
40:52 Hand Cart
40:38 Town Patrol
49:16 Town Patrol
51:32 Hussar
Bazastral
4:03 Loom
11:28 Feudal Age
15:11 Castle Age
13:34 Stone Mining
13:30 Double-Bit Axe
15:04 Gold Mining
14:57 Horse Collar
16:33 Bow Saw
17:07 Fletching
29:49 Bodkin Arrow
32:40 Ballistics
34:49 Wheelbarrow
34:56 Heavy Plow
39:23 Scale Barding Armor
39:32 Husbandry
39:42 Bloodlines
43:35 Imperial Age
41:39 Forging
42:03 Bloodlines
44:11 Iron Casting
43:57 Chain Barding Armor
44:23 Hand Cart
45:06 Conscription
44:15 Elite Steppe Lancer
44:41 Light Cavalry
47:16 Blast Furnace
47:15 Nomads
47:19 Bracer
51:48 Gold Shaft Mining
51:49 Stone Shaft Mining
50:50 Elite Mangudai
51:25 Spies/Treason
alex.hoppus
12:57 Feudal Age
13:27 Double-Bit Axe
15:37 Fishing Lines
16:14 Fishing Lines
20:55 Castle Age
22:00 Bow Saw
22:58 Gillnets
23:55 Wheelbarrow
23:19 Stone Mining
23:19 Gold Mining
25:00 Scale Barding Armor
25:07 Forging
25:08 Horse Collar
26:41 Iron Casting
28:49 Imperial Age
27:23 Chain Barding Armor
27:28 Fletching
28:42 Bloodlines
28:32 Husbandry
29:07 Heavy Plow
29:30 Conscription
29:49 Plate Barding Armor
28:42 Cavalier
31:04 Blast Furnace
29:53 Loom
30:26 Hand Cart
29:56 Town Watch
30:12 Gold Mining
30:58 Stone Shaft Mining
30:50 Bodkin Arrow
30:56 Savar
32:46 Crop Rotation
33:25 Two-Man Saw
32:37 Capped Ram
33:45 Masonry
33:31 Siege Ram
35:49 Gold Shaft Mining
47:25 Onager
49:04 Spies/Treason
|GaoeG| flamingo
0:58 Loom
13:16 Feudal Age
17:33 Castle Age
15:22 Double-Bit Axe
15:52 Horse Collar
19:30 Bow Saw
19:52 Fletching
25:58 Bodkin Arrow
27:35 Town Watch
32:24 Wheelbarrow
33:54 Gold Mining
38:35 Imperial Age
36:21 Hand Cart
36:45 Kasbah
37:09 Padded Archer Armor
37:42 Bloodlines
37:33 Husbandry
39:05 Ballistics
38:53 Thumb Ring
39:40 Conscription
38:42 Elite Camel Archer
39:28 Bracer
39:44 Leather Archer Armor
41:03 Maghrebi Camels
42:14 Chemistry
45:36 Ring Archer Armor
Connection lost

Rejoining the realm…

Still unreachable

The connection could not be restored.

Session expired

The server has moved on; the page needs a fresh start.